TOP OF THE 1ST |
Tri-City ValleyCats batting - Pitching for Spokane Indians : RHP Alexander Neustroev
|
Pitching: RHP Alexander Neustroev
|
|
Batting: LHB Josh Corkery
|
0-0: Called Strike 0-1: Ball 1-1: Swinging Strike 1-2: Strikes out swinging
|
Batting: LHB Daigo Ishii
|
0-0: Called Strike 0-1: Foul Ball, location: 2F 0-2: Foul Ball, location: 2F 0-2: Ball 1-2: Ball 2-2: Ground out 5-3 (Groundball, 5, EV 86.2 MPH)
|
Batting: LHB Danny Wolver
|
0-0: Ball 1-0: DOUBLE (Flyball, 8RXD, EV 100.0 MPH)
|
Batting: RHB Juan Mendoza
|
0-0: Called Strike 0-1: Foul Ball, location: 2F 0-2: Ground out 6-3 (Groundball, 6, EV 102.5 MPH)
|
Top of the 1st over - 0 runs, 1 hit, 0 errors, 1 left on base; Tri-City 0 - Spokane 0 |
BOTTOM OF THE 1ST |
Spokane Indians batting - Pitching for Tri-City ValleyCats : RHP Vinny Salazar
|
Pitching: RHP Vinny Salazar
|
|
Batting: LHB Jose Baez
|
0-0: Ball 1-0: Foul Ball, location: 2F 1-1: Ball 2-1: Ground out 4-3 (Groundball, 34D, EV 99.4 MPH)
|
Batting: LHB Gabriel Graves
|
0-0: Called Strike 0-1: Ball 1-1: Foul Ball, location: 2F 1-2: Foul Ball, location: 2F 1-2: SOLO HOME RUN (Flyball, 89XD, EV 110.0 MPH), Distance : 407 ft
|
Batting: LHB Nick Foutz
|
0-0: Swinging Strike 0-1: SINGLE (Line Drive, 9S, EV 110.0 MPH)
|
Batting: LHB Caleb Domino
|
0-0: Called Strike Nick Foutz steals 2nd base 0-1: Ball 1-1: Fly out, F6 (Popup, 6D, EV 73.8 MPH)
|
Batting: RHB Josh Whitmore
|
0-0: Ground out 6-3 (Groundball, 6M, EV 88.1 MPH)
|
Bottom of the 1st over - 1 run, 2 hits, 0 errors, 1 left on base; Tri-City 0 - Spokane 1 |
TOP OF THE 2ND |
Tri-City ValleyCats batting - Pitching for Spokane Indians : RHP Alexander Neustroev
|
Batting: RHB Steve Moore
|
0-0: Ball 1-0: Ball 2-0: Ball 3-0: Called Strike 3-1: Swinging Strike 3-2: Strikes out looking
|
Batting: RHB Kieron Clark
|
0-0: Ball 1-0: Foul Ball, location: 2F 1-1: Ball 2-1: Swinging Strike 2-2: Foul Ball, location: 2F 2-2: Strikes out swinging
|
Batting: RHB J.R. Roberts
|
0-0: Ball 1-0: Foul Ball, location: 2F 1-1: Ball 2-1: Foul Ball, location: 2F 2-2: Ball 3-2: Strikes out swinging
|
Top of the 2nd over - 0 runs, 0 hits, 0 errors, 0 left on base; Tri-City 0 - Spokane 1 |
BOTTOM OF THE 2ND |
Spokane Indians batting - Pitching for Tri-City ValleyCats : RHP Vinny Salazar
|
Batting: RHB Luke Stark
|
0-0: Ball 1-0: Ball 2-0: Swinging Strike 2-1: Foul Ball, location: 2F 2-2: Ball 3-2: Strikes out looking
|
Batting: RHB Sergio Godinez
|
0-0: Called Strike 0-1: Ball 1-1: Ball 2-1: Foul Ball, location: 2F 2-2: Ground out 5-3 (Groundball, 56, EV 100.0 MPH)
|
Batting: LHB Yat-sen Zhu
|
0-0: Ball 1-0: Fly out, F8 (Flyball, 8RM, EV 92.5 MPH)
|
Bottom of the 2nd over - 0 runs, 0 hits, 0 errors, 0 left on base; Tri-City 0 - Spokane 1 |
TOP OF THE 3RD |
Tri-City ValleyCats batting - Pitching for Spokane Indians : RHP Alexander Neustroev
|
Batting: RHB Ray Souza
|
0-0: Called Strike 0-1: Ground out 6-3 (Groundball, 6, EV 88.1 MPH)
|
Batting: LHB Bob Govella
|
0-0: Swinging Strike 0-1: Foul Ball, location: 2F 0-2: Foul Ball, location: 2F 0-2: Ball 1-2: Ball 2-2: Ball 3-2: SINGLE (Line Drive, 7S, EV 95.0 MPH)
|
Batting: LHB Josh Corkery
|
0-0: Called Strike 0-1: Swinging Strike 0-2: Ball 1-2: Strikes out looking
|
Batting: LHB Daigo Ishii
|
0-0: Called Strike 0-1: Foul Ball, location: 2F 0-2: Foul Ball, location: 2F 0-2: Foul Ball, location: 2F 0-2: SINGLE (Line Drive, 7S, EV 88.8 MPH) Bob Govella to second
|
Batting: LHB Danny Wolver
|
0-0: Called Strike 0-1: Hit by Pitch Bob Govella to third Daigo Ishii to second
|
Batting: RHB Juan Mendoza
|
0-0: Ball 1-0: Foul Ball, location: 2F 1-1: Fly out, F8 (Flyball, 8LM, EV 88.8 MPH)
|
Top of the 3rd over - 0 runs, 2 hits, 0 errors, 3 left on base; Tri-City 0 - Spokane 1 |
BOTTOM OF THE 3RD |
Spokane Indians batting - Pitching for Tri-City ValleyCats : RHP Vinny Salazar
|
Batting: SHB Brace Harper
|
0-0: Ball 1-0: Ball 2-0: Ball 3-0: Foul Ball, location: 2F 3-1: Foul Ball, location: 2F 3-2: Base on Balls
|
Batting: LHB Jose Baez
|
0-0: Ball Brace Harper steals 2nd base 1-0: Ball 2-0: Foul Ball, location: 2F 2-1: Called Strike 2-2: Foul Ball, location: 2F 2-2: Foul Ball, location: 2F 2-2: Foul Ball, location: 2F 2-2: SINGLE (Flyball, 78S, EV 95.6 MPH) Brace Harper to third
|
Batting: LHB Gabriel Graves
|
0-0: Called Strike 0-1: Foul Ball, location: 2F 0-2: Ball 1-2: Ball 2-2: Foul Ball, location: 2F 2-2: Ball 3-2: Base on Balls Jose Baez to second
|
Batting: LHB Nick Foutz
|
0-0: Ball 1-0: Ball 2-0: TRIPLE (Line Drive, 9LD, EV 105.6 MPH) Brace Harper scores Jose Baez scores Gabriel Graves scores
|
Batting: LHB Caleb Domino
|
0-0: Called Strike 0-1: Ball 1-1: Foul Ball, location: 2F 1-2: Ball 2-2: Foul Ball, location: 2F 2-2: Foul Ball, location: 2F 2-2: Ball 3-2: Ground out 4-3 (Groundball, 4D, EV 95.6 MPH) Nick Foutz scores
|
Batting: RHB Josh Whitmore
|
0-0: Swinging Strike 0-1: Called Strike 0-2: Foul Ball, location: 2F 0-2: Ball 1-2: Ball 2-2: Ball 3-2: Base on Balls
|
Batting: RHB Luke Stark
|
0-0: Ball 1-0: Ball 2-0: Called Strike Josh Whitmore steals 2nd, throwing error, E2 Josh Whitmore to third 2-1: Called Strike 2-2: TRIPLE (Flyball, 89XD, EV 98.1 MPH) Josh Whitmore scores
|
Pitching: RHP Mario del Rio
|
|
Batting: RHB Sergio Godinez
|
0-0: Ball Passed Ball! Luke Stark scores 1-0: Ball 2-0: Ground out 6-3 (Groundball, 6S, EV 81.2 MPH)
|
Batting: LHB Yat-sen Zhu
|
0-0: Foul Ball, location: 2F 0-1: Ground out U3 (Groundball, 3L, EV 105.0 MPH)
|
Bottom of the 3rd over - 6 runs, 3 hits, 1 error, 0 left on base; Tri-City 0 - Spokane 7 |
TOP OF THE 4TH |
Tri-City ValleyCats batting - Pitching for Spokane Indians : RHP Alexander Neustroev
|
Batting: RHB Steve Moore
|
0-0: Ball 1-0: Ball 2-0: Fly out, F8 (Flyball, 78M, EV 79.4 MPH)
|
Batting: RHB Kieron Clark
|
0-0: SINGLE (Flyball, 89S, EV 93.8 MPH)
|
Batting: RHB J.R. Roberts
|
0-0: Fly out, F7 (Line Drive, 7, EV 103.1 MPH)
|
Batting: RHB Ray Souza
|
0-0: Ball 1-0: Called Strike 1-1: Called Strike 1-2: Ball 2-2: Strikes out swinging
|
Top of the 4th over - 0 runs, 1 hit, 0 errors, 1 left on base; Tri-City 0 - Spokane 7 |
BOTTOM OF THE 4TH |
Spokane Indians batting - Pitching for Tri-City ValleyCats : RHP Mario del Rio
|
Batting: SHB Brace Harper
|
0-0: Called Strike 0-1: Ball 1-1: Fly out, F8 (Flyball, 8RS, EV 90.0 MPH)
|
Batting: LHB Jose Baez
|
0-0: Called Strike 0-1: Swinging Strike 0-2: Ball 1-2: Foul Ball, location: 2F 1-2: Strikes out swinging
|
Batting: LHB Gabriel Graves
|
0-0: Ball 1-0: Foul Ball, location: 2F 1-1: Swinging Strike 1-2: Ground out 4-3 (Groundball, 4, EV 86.9 MPH)
|
Bottom of the 4th over - 0 runs, 0 hits, 0 errors, 0 left on base; Tri-City 0 - Spokane 7 |
TOP OF THE 5TH |
Tri-City ValleyCats batting - Pitching for Spokane Indians : RHP Alexander Neustroev
|
Batting: LHB Bob Govella
|
0-0: Called Strike 0-1: Ball 1-1: Ball 2-1: Ball 3-1: Swinging Strike 3-2: Strikes out swinging, 2-3 out at first.
|
Batting: LHB Josh Corkery
|
0-0: Ball 1-0: Called Strike 1-1: Ground out 5-3 (Groundball, 56, EV 88.8 MPH)
|
Batting: LHB Daigo Ishii
|
0-0: Called Strike 0-1: Ball 1-1: Called Strike 1-2: TRIPLE (Line Drive, 89XD, EV 105.0 MPH)
|
Batting: LHB Danny Wolver
|
0-0: Ball 1-0: Ball 2-0: Called Strike 2-1: Foul Ball, location: 2F 2-2: Strikes out swinging
|
Top of the 5th over - 0 runs, 1 hit, 0 errors, 1 left on base; Tri-City 0 - Spokane 7 |
BOTTOM OF THE 5TH |
Spokane Indians batting - Pitching for Tri-City ValleyCats : RHP Mario del Rio
|
Batting: LHB Nick Foutz
|
0-0: Called Strike 0-1: Ball 1-1: Foul Ball, location: 2F 1-2: Ball 2-2: Fly out, F9 (Flyball, 9LM, EV 83.8 MPH)
|
Pitching: RHP Danny Helm
|
|
Batting: LHB Caleb Domino
|
0-0: Ball 1-0: Foul Ball, location: 2F 1-1: Hit by Pitch
|
Batting: RHB Josh Whitmore
|
0-0: Called Strike Caleb Domino steals 2nd base 0-1: DOUBLE (Line Drive, 9LD, EV 101.9 MPH) Caleb Domino scores
|
Batting: RHB Luke Stark
|
0-0: Foul Ball, location: 2F 0-1: Fly out, F9 (Flyball, 89M, EV 87.5 MPH)
|
Batting: RHB Sergio Godinez
|
0-0: Ball 1-0: Fly out, F9 (Flyball, 9, EV 92.5 MPH)
|
Bottom of the 5th over - 1 run, 1 hit, 0 errors, 1 left on base; Tri-City 0 - Spokane 8 |
TOP OF THE 6TH |
Tri-City ValleyCats batting - Pitching for Spokane Indians : RHP Alexander Neustroev
|
Batting: RHB Juan Mendoza
|
0-0: Called Strike 0-1: Called Strike 0-2: Foul Ball, location: 2F 0-2: Foul Ball, location: 2F 0-2: Foul Ball, location: 2F 0-2: SINGLE (Groundball, 56D, EV 101.2 MPH)
|
Batting: RHB Steve Moore
|
0-0: Called Strike 0-1: Ball 1-1: Grounds into double play, 6-4-3 (Groundball, 6, EV 106.9 MPH)
|
Batting: RHB Kieron Clark
|
0-0: Called Strike 0-1: Swinging Strike 0-2: Foul Ball, location: 2F 0-2: Strikes out swinging
|
Top of the 6th over - 0 runs, 1 hit, 0 errors, 0 left on base; Tri-City 0 - Spokane 8 |
BOTTOM OF THE 6TH |
Spokane Indians batting - Pitching for Tri-City ValleyCats : RHP Danny Helm
|
Batting: LHB Yat-sen Zhu
|
0-0: Called Strike 0-1: Ground out 4-3 (Groundball, 4D, EV 91.2 MPH)
|
Batting: SHB Brace Harper
|
0-0: Swinging Strike 0-1: Ball 1-1: Ball 2-1: Foul Ball, location: 2F 2-2: Strikes out swinging
|
Batting: LHB Jose Baez
|
0-0: Ball 1-0: Called Strike 1-1: Ball 2-1: Called Strike 2-2: Ball 3-2: Foul Ball, location: 2F 3-2: SINGLE (Flyball, 56D, EV 85.6 MPH)
|
Pitching: RHP Michiyo Takayama
|
|
Batting: LHB Gabriel Graves
|
0-0: Ball Jose Baez steals 2nd base (no throw) 1-0: Called Strike 1-1: Ball 2-1: Foul Ball, location: 2F 2-2: Fly out, F6 (Line Drive, 6, EV 67.5 MPH)
|
Bottom of the 6th over - 0 runs, 1 hit, 0 errors, 1 left on base; Tri-City 0 - Spokane 8 |
TOP OF THE 7TH |
Tri-City ValleyCats batting - Pitching for Spokane Indians : RHP Alexander Neustroev
|
Batting: RHB J.R. Roberts
|
0-0: Called Strike 0-1: Called Strike 0-2: Ball 1-2: Ball 2-2: Foul Ball, location: 2F 2-2: Ground out 5-3 (Groundball, 56S, EV 80.0 MPH)
|
Batting: RHB Ray Souza
|
0-0: Called Strike 0-1: Ball 1-1: Ball 2-1: Ball 3-1: Called Strike 3-2: Foul Ball, location: 2F 3-2: Foul Ball, location: 2F 3-2: Reached on error, E3 (Groundball, 3, EV 103.1 MPH)
|
Pitching: RHP Tse-peng Kuang
|
|
Batting: LHB Bob Govella
|
0-0: Called Strike Ray Souza steals 2nd base 0-1: Ball 1-1: Foul Ball, location: 2F 1-2: Ground out 5-3 (Groundball, 56S, EV 81.2 MPH)
|
Batting: LHB Josh Corkery
|
0-0: Called Strike 0-1: Foul Ball, location: 2F 0-2: Strikes out swinging
|
Top of the 7th over - 0 runs, 0 hits, 1 error, 1 left on base; Tri-City 0 - Spokane 8 |
BOTTOM OF THE 7TH |
Spokane Indians batting - Pitching for Tri-City ValleyCats : RHP Michiyo Takayama
|
Pinch Hitting: LHB Casper Kersten
|
0-0: Swinging Strike 0-1: Foul Ball, location: 2F 0-2: Ball 1-2: Strikes out swinging
|
Pinch Hitting: RHB Justin Anastasio
|
0-0: Ball 1-0: Swinging Strike 1-1: Called Strike 1-2: Ball 2-2: Ball 3-2: SOLO HOME RUN (Flyball, 7LD, EV 91.9 MPH), Distance : 347 ft
|
Batting: RHB Josh Whitmore
|
0-0: Called Strike 0-1: Ball 1-1: Swinging Strike 1-2: Foul Ball, location: 2F 1-2: Foul Ball, location: 2F 1-2: Ball 2-2: Ball 3-2: Base on Balls
|
Pitching: LHP Jordan Leon
|
|
Batting: RHB Luke Stark
|
0-0: Foul Ball, location: 2F 0-1: Ball Wild Pitch! Josh Whitmore to second 1-1: Called Strike 1-2: Fly out, F8 (Flyball, 8RM, EV 75.0 MPH)
|
Batting: RHB Sergio Godinez
|
0-0: Called Strike 0-1: Foul Ball, location: 2F 0-2: DOUBLE (Line Drive, 5D, EV 98.1 MPH) Josh Whitmore scores
|
Pinch Hitting: RHB Rick Concha
|
0-0: Foul Ball, location: 2F 0-1: Ball 1-1: Ball 2-1: SINGLE (Groundball, 56D, EV 111.2 MPH) Sergio Godinez to third
|
Pinch Hitting: RHB Dennis Daniels
|
0-0: 3-RUN HOME RUN (Line Drive, 7LD, EV 97.5 MPH), Distance : 344 ft
|
Batting: LHB Jose Baez
|
0-0: Ball 1-0: Ground out 4-3 (Groundball, 4S, EV 92.5 MPH)
|
Bottom of the 7th over - 5 runs, 4 hits, 0 errors, 0 left on base; Tri-City 0 - Spokane 13 |
TOP OF THE 8TH |
Tri-City ValleyCats batting - Pitching for Spokane Indians : RHP Tse-peng Kuang
|
Now at 2B: Darnell Jones
|
|
Now at 3B: Rick Concha
|
|
Now at SS: Dennis Daniels
|
|
Now in LF: Justin Anastasio
|
|
Now in CF: Casper Kersten
|
|
Batting: LHB Daigo Ishii
|
0-0: Called Strike 0-1: Ball 1-1: Called Strike 1-2: Foul Ball, location: 2F 1-2: Strikes out swinging
|
Batting: LHB Danny Wolver
|
0-0: Ball 1-0: Called Strike 1-1: Ball 2-1: Called Strike 2-2: Ball 3-2: Foul Ball, location: 2F 3-2: Strikes out swinging
|
Batting: RHB Juan Mendoza
|
0-0: Hit by Pitch
|
Batting: RHB Steve Moore
|
0-0: Called Strike 0-1: Called Strike 0-2: Strikes out swinging
|
Top of the 8th over - 0 runs, 0 hits, 0 errors, 1 left on base; Tri-City 0 - Spokane 13 |
BOTTOM OF THE 8TH |
Spokane Indians batting - Pitching for Tri-City ValleyCats : LHP Jordan Leon
|
Batting: RHB Chance Lamb
|
0-0: Called Strike 0-1: Foul Ball, location: 2F 0-2: Foul Ball, location: 2F 0-2: SINGLE (Line Drive, 7LS, EV 93.1 MPH)
|
Pitching: RHP Tanner Bernstein
|
|
Batting: LHB Casper Kersten
|
0-0: Called Strike 0-1: Ball Wild Pitch! Chance Lamb to second 1-1: Ball 2-1: Ball 3-1: Base on Balls
|
Batting: RHB Justin Anastasio
|
0-0: Grounds into double play, 4-6-3 (Groundball, 4MD, EV 88.1 MPH) Chance Lamb to third
|
Batting: RHB Josh Whitmore
|
0-0: Ball 1-0: Foul Ball, location: 2F 1-1: Ball 2-1: Foul Ball, location: 2F 2-2: SINGLE (Line Drive, 6MD, EV 108.1 MPH) Chance Lamb scores
|
Batting: RHB Darnell Jones
|
Balk! Josh Whitmore to second 0-0: Foul Ball, location: 2F 0-1: Ball 1-1: Foul Ball, location: 2F 1-2: Strikes out swinging
|
Bottom of the 8th over - 1 run, 2 hits, 0 errors, 1 left on base; Tri-City 0 - Spokane 14 |
TOP OF THE 9TH |
Tri-City ValleyCats batting - Pitching for Spokane Indians : RHP Tse-peng Kuang
|
Now at 1B: Herb Craig
|
|
Batting: RHB Kieron Clark
|
0-0: Ground out 4-3 (Groundball, 4, EV 108.1 MPH)
|
Batting: RHB J.R. Roberts
|
0-0: Called Strike 0-1: Ball 1-1: Ball 2-1: DOUBLE (Line Drive, 9LM, EV 108.8 MPH)
|
Batting: RHB Ray Souza
|
0-0: Ball 1-0: Foul Ball, location: 2F 1-1: Foul Ball, location: 2F 1-2: Strikes out swinging
|
Batting: LHB Bob Govella
|
0-0: Ball 1-0: Called Strike 1-1: Swinging Strike 1-2: Strikes out looking
|
Top of the 9th over - 0 runs, 1 hit, 0 errors, 1 left on base; Tri-City 0 - Spokane 14 |
|